 Dungeon Crawl Stone Soup version 0.25-a0-435-g4b9beb1024 (webtiles) character file.

Game seed: 10585652689826656313, levelgen mode: deterministic

457 kae the Arsonist (level 7, 0/36 HPs)
             Began as a Tengu Fire Elementalist on Jan 29, 2020.
             Slain by a gnoll
             ... wielding a +0 club
              (6 damage)
             ... on level 4 of the Dungeon.
             The game lasted 00:04:06 (4578 turns).

kae the Arsonist (Tengu Fire Elementalist)          Turns: 4578, Time: 00:04:07

Health: 0/36       AC:  2    Str:  8    XL:     7   Next: 6%
Magic:  4/12       EV: 12    Int: 18    God:
Gold:   131        SH:  0    Dex: 14    Spells: 4/12 levels left

rFire    . . .     SeeInvis .   d - +0 spear
rCold    + . .     Gourm    .   (no shield)
rNeg     . . .     Faith    .   a - +0 robe
rPois    .         Spirit   .   (helmet restricted)
rElec    .         Reflect  .   (no cloak)
rCorr    .         Harm     .   (no gloves)
MR       .....                  (boots unavailable)
Stlth    +++.......             (no amulet)
HPRegen  0.12/turn              g - ring of protection from cold
MPRegen  0.13/turn              i - ring of stealth

@: no status effects
A: beak, talons 3, able to fly
a: Fly


You were on level 4 of the Dungeon.
You were not hungry.

You visited 1 branch of the dungeon, and saw 4 of its levels.

You collected 131 gold pieces.

Inventory:

Hand Weapons
 d - a +0 spear (weapon)
Armour
 a - a +0 robe (worn)
Jewellery
 f - an uncursed amulet of harm
 g - a ring of protection from cold (left hand)
 i - a ring of stealth (right hand)
Scrolls
 k - 2 scrolls of remove curse {unknown}
 l - a scroll of fear {unknown}
Potions
 b - a potion of mutation
 e - a potion of resistance
 h - 2 potions of heal wounds {unknown}
 j - 3 potions of curing {unknown}
Comestibles
 c - 7 rations


   Skills:
 - Level 2.1 Dodging
 - Level 2.0 Stealth
 - Level 3.0 Spellcasting
 - Level 1.3 Conjurations
 * Level 8.0 Fire Magic


You had 4 spell levels left.
You knew the following spells:

 Your Spells              Type           Power        Failure   Level  Hunger
a - Foxfire               Conj/Fire      ###.         2%          1    None
b - Conjure Flame         Conj/Fire      ###.....     7%          3    ###....
c - Sticky Flame          Conj/Fire      ###.....     24%         4    ####...

Your spell library contained the following spells:

 Spells                   Type           Power        Failure   Level  Hunger
 Inner Flame              Hex/Fire       ###.....     10%         3    ###....
 Fireball                 Conj/Fire      ###.......   54%         5    ######.


Dungeon Overview and Level Annotations

Branches:
Dungeon (4/15)
 Temple: D:4-7

Altars:
Fedhas
Makhleb
Xom


Innate Abilities, Weirdness & Mutations

You have a beak for a mouth.
You have claws for feet.
You can fly continuously.


Message History

Your Fire Magic skill increases to level 8!
Casting: Foxfire (safe; 2% risk of failure)
Confirm with . or Enter, or press ? or * to list all spells.
You conjure some foxfire!
The foxfire hits the gnoll but does no damage.
The foxfire hits the gnoll.
The gnoll is heavily wounded.
Casting: Foxfire (safe; 2% risk of failure)
Confirm with . or Enter, or press ? or * to list all spells.
You conjure some foxfire!
The gnoll barely misses you.
The foxfire hits the gnoll.
The gnoll is moderately wounded.
The foxfire hits the gnoll.
The gnoll is almost dead.
The gnoll hits you but does no damage.
Okay, then.
Casting: Foxfire (safe; 2% risk of failure)
Confirm with . or Enter, or press ? or * to list all spells.
You conjure some foxfire!
The gnoll hits you with a +0 club.
You die...

88≈≈≈≈≈88....#
.............##
..............#
..88≈≈≈≈≈88..##
..[≈≈≈≈....##
#≈≈≈≈≈.....#
.##)≈≈≈≈.....##
...≈≈≈≈vgg....#
..≈≈≈≈≈v@#..###
#≈≈≈≈≈.#####
#≈≈≈≈..#
..≈≈≈≈..#
..≈≈≈≈..#
..≈≈≈≈≈..
..≈≈≈≈≈.)
...≈≈≈≈##
##.≈≈≈≈


You could see 2 gnolls.

Vanquished Creatures
  Grinder (D:3)
  A water moccasin skeleton (D:4)
  An orc priest (D:3)
  An orc wizard (D:3)
  5 gnolls
  An adder (D:2)
  3 oozes
  2 leopard geckos (D:1)
  13 orcs (D:3)
  2 ball pythons
  2 giant cockroaches (D:3)
  4 goblins
  3 hobgoblins (D:2)
  11 kobolds
  A quokka (D:2)
  9 bats
  A quokka skeleton (D:3)
  8 rats
69 creatures vanquished.

Vanquished Creatures (others)
  187 foxfires
187 creatures vanquished.

Grand Total: 256 creatures vanquished

Notes
Turn   | Place    | Note
-------+----------+-------------------------------------------
     0 | D:1      | kae the Tengu Fire Elementalist began the quest for the
                  | Orb.
     0 | D:1      | Reached XP level 1. HP: 10/10 MP: 4/4
   201 | D:1      | Reached XP level 2. HP: 15/15 MP: 1/6
   577 | D:1      | Reached skill level 4 in Fire Magic
  1136 | D:2      | Found a shimmering altar of Xom.
  1150 | D:2      | Reached XP level 3. HP: 13/19 MP: 4/7
  1177 | D:2      | Learned a level 3 spell: Conjure Flame
  1893 | D:2      | Reached XP level 4. HP: 8/24 MP: 1/9
  2108 | D:2      | Found a burning altar of Makhleb.
  2299 | D:2      | Found a blossoming altar of Fedhas.
  2650 | D:3      | Reached skill level 5 in Fire Magic
  2730 | D:3      | Gained mutation: You can fly continuously. [Tengu growth]
  2730 | D:3      | Reached XP level 5. HP: 22/28 MP: 5/10
  3102 | D:3      | Learned a level 4 spell: Sticky Flame
  3195 | D:3      | Noticed Grinder
  3548 | D:3      | Reached skill level 6 in Fire Magic
  3844 | D:3      | Paralysed by Grinder for 5 turns
  4110 | D:3      | Killed Grinder
  4110 | D:3      | Reached skill level 7 in Fire Magic
  4110 | D:3      | Reached XP level 6. HP: 11/32 MP: 2/11
  4568 | D:4      | Reached XP level 7. HP: 30/36 MP: 8/12
  4572 | D:4      | Reached skill level 8 in Fire Magic
  4578 | D:4      | Slain by a gnoll

Levels and vault maps discovered:
D:1:      nzn_arrival_crosshair, layout_rooms, minmay_misc_feat_columns
D:2:      layout_loops_ring, xom_teletrap_fun, fedhas_altar_fruit_tree,
          nicolae_overflow_crystal_walls, nicolae_underground_beach
D:3:      layout_basic, first_ration, uniq_grinder
D:4:      wander_river, layout_cave_pools, minmay_temple_entry_proselytizer,
          gammafunk_ghost_mausoleum

Skill      XL: |  1  2  3  4  5  6  7 |
---------------+----------------------+-----
Fire Magic     | 4 5 7 8 |  8.0
Spellcasting   | 3 |  3.0
Dodging        | |  2.1
Stealth        | |  2.0
Conjurations   | |  1.3

Action                   |  1- 3 |  4- 6 |  7- 9 || total
-------------------------+-------+-------+-------++-------
Melee: Unarmed           |    26 |     9 |       ||    35
       Kick              |     5 |     4 |       ||     9
       Peck              |     3 |     2 |       ||     5
       Spear             |       |     1 |       ||     1
 Cast: Foxfire           |    42 |    75 |     5 ||   122
       Conjure Flame     |       |     2 |       ||     2
       Sticky Flame      |       |     1 |       ||     1
  Use: Scroll            |     4 |     3 |       ||     7
 Stab: Sleeping          |       |     2 |       ||     2
  Eat: Chunk             |     2 |     4 |       ||     6
       Ration            |       |     2 |       ||     2
Armor: Robe              |    10 |     2 |       ||    12
Dodge: Dodged            |    27 |    20 |     1 ||    48

Table legend:
 A = Non-vault XP
 B = Vault XP
 C = Vault XP percentage of total XP
 D = Non-vault monster count
 E = Vault monster count
 F = Vault count percentage of total count
                 A         B        C        D         E       F
            +---------+---------+-------+---------+---------+-------
      Total |     359 |     295 |  45.1 |      68 |       1 |   1.4
            +---------+---------+-------+---------+---------+-------
        D:1 |      26 |       0 |   0.0 |      15 |       0 |   0.0
        D:2 |      88 |       0 |   0.0 |      19 |       0 |   0.0
        D:3 |     143 |     295 |  67.4 |      30 |       1 |   3.2
        D:4 |     102 |       0 |   0.0 |       4 |       0 |   0.0
            +---------+---------+-------+---------+---------+-------
